 Dungeon Crawl Stone Soup version 0.30-a0-371-gad7725a93e (webtiles) character file.

Game seed: 7246693456284080603

230 arthad the Nimble (level 6, -4/44 HPs)
             Began as a Gnoll Wanderer on Nov 20, 2022.
             Slain by an iguana (9 damage)
             ... on level 3 of the Dungeon.
             The game lasted 00:11:37 (3140 turns).

arthad the Nimble (Gnoll Wanderer)                  Turns: 3140, Time: 00:11:38

Health: -4/44      AC:  6    Str: 11    XL:     6   Next: 3%
Magic:  4/11       EV: 15    Int: 11    God:
Gold:   149        SH:  0    Dex: 14    Spells: 10/11 levels left

rFire   . . .      SeeInvis .    k - +0 dagger (venom)
rCold   . . .      Faith    .    (no shield)
rNeg    . . .      Spirit   .    e - +0 leather armour
rPois   .          Reflect  .    (no helmet)
rElec   .          Harm     .    (no cloak)
rCorr   .          Rampage  .    (no gloves)
Will    .....                    n - +2 pair of boots
Stlth   ++........               g - amulet of regeneration
HPRegen 1.07/turn                (no ring)
MPRegen 0.12/turn                (no ring)

@: very slightly contaminated
A: fangs 1, strong nose, distributed training
a: no special abilities


You were on level 3 of the Dungeon.
You visited 1 branch of the dungeon, and saw 4 of its levels.

You collected 170 gold pieces.
You spent 21 gold pieces at shops.

Inventory:

Hand Weapons
 a - a +0 dagger
 h - a +3 scythe of freezing
 k - a +0 dagger of venom (weapon)
Missiles
 b - 4 throwing nets
Armour
 e - a +0 leather armour (worn)
 n - a +2 pair of boots (worn)
Magical Staves
 f - a staff of cold
Jewellery
 g - an amulet of regeneration (around neck)
Wands
 p - a wand of quicksilver (11)
Scrolls
 c - a scroll of silence
 m - 2 scrolls of fog {unknown}
 o - a scroll of torment {unknown}
 q - a scroll of identify
 r - a scroll of vulnerability
Potions
 d - 2 potions of attraction
 i - a potion of magic {unknown}
 j - a potion of flight {unknown}
 l - a potion of lignification
 s - a potion of ambrosia {unknown}


   Skills:
 + Level 1.8 Fighting
 + Level 1.8 Short Blades
 + Level 1.8 Long Blades
 + Level 1.8 Axes
 + Level 1.8 Maces & Flails
 + Level 1.8 Polearms
 + Level 1.8 Staves
 + Level 1.8 Ranged Weapons
 + Level 1.8 Throwing
 + Level 1.8 Armour
 + Level 8.7 Dodging
 + Level 3.0 Stealth
 + Level 1.8 Shields
 + Level 1.8 Unarmed Combat
 + Level 3.3 Spellcasting
 + Level 1.4 Conjurations
 + Level 1.4 Hexes
 + Level 1.4 Summonings
 + Level 1.4 Necromancy
 + Level 1.4 Translocations
 + Level 1.4 Transmutations
 + Level 1.4 Fire Magic
 + Level 1.4 Ice Magic
 + Level 5.6 Air Magic
 + Level 1.4 Earth Magic
 + Level 1.4 Poison Magic
 + Level 2.0 Invocations
 + Level 3.1 Evocations


You had 10 spell levels left.
You knew the following spells:

 Your Spells              Type           Power      Damage    Failure   Level
a - Shock                 Conj/Air       36%        1d5       8%          1

Your spell library contained the following spells:

 Spells                   Type           Power      Damage    Failure   Level
 Sublimation of Blood     Necr           5%         N/A       28%         2
 Wereblood                Tmut           5%         N/A       28%         2
 Kindle Blastsparks       Fire/Tloc/Air  16%        2d11      30%         3
 Mephitic Cloud           Conj/Pois/Air  8%         N/A       30%         3
 Ignite Poison            Fire/Tmut/Pois 5%         N/A       50%         3
 Freezing Cloud           Conj/Ice/Air   4%         6-21      96%         5
 Summon Hydra             Summ           2%         N/A       100%        7


Dungeon Overview and Level Annotations

Branches:
Dungeon (4/15)
 Temple: D:4-7

Altars:

Shops:
D:1 *[   D:3 [*?(

Annotations:
D:4 Ijyb


Innate Abilities, Weirdness & Mutations

You have very sharp teeth.
Your uncanny sense of smell can sniff out nearby items.
Your experience applies equally to all skills.


Message History

The iguana is moderately wounded.
You feel less porcine.
Your +0 dagger of venom unmelds from your body.
Your +2 pair of boots unmelds from your body.
Your +0 leather armour unmelds from your body.
Your +0 dagger of venom begins to drip with poison!
The iguana bites you!
Aiming: Shock (safe; 8% risk of failure)
Press: ? - help, Q - select action, (/) - cycle Shift-Dir - straight line You miscast Shock.
You are very lightly contaminated with residual magic.
Nothing appears to happen.
The iguana misses you.
Aiming: Shock (safe; 8% risk of failure)
Press: ? - help, Q - select action, (/) - cycle Shift-Dir - straight line You miscast Shock.
Nothing appears to happen.
The iguana bites you!
* * * LOW HITPOINT WARNING * * *
Aiming: Shock (safe; 8% risk of failure)
Press: ? - help, Q - select action, (/) - cycle Shift-Dir - straight line The zap hits the iguana.
The iguana is moderately wounded.
The zap hits the iguana.
The iguana is heavily wounded.
The iguana closely misses you.
Aiming: Shock (safe; 8% risk of failure)
Press: ? - help, Q - select action, (/) - cycle Shift-Dir - straight line The zap hits the iguana.
The iguana is severely wounded.
The zap hits the iguana.
The iguana is severely wounded.
The iguana bites you!
* * * LOW HITPOINT WARNING * * *
Unknown command.
Aiming: Shock (safe; 8% risk of failure)
Press: ? - help, Q - select action, (/) - cycle Shift-Dir - straight line The zap misses the iguana.
The zap hits the iguana.
The iguana is almost dead.
The iguana bites you!
You die...

#.#.......#...+........##
##.#########...#..........
#........................#
#############.....######.#
#######.............#
#........###.#####..#
#......#..<#........#
#....l##.########...#
#...@.+.......###...#
#.....#.............#
#.....#.#####.##....#
#.....#.#............
#..........#####..###
####+#.....# #.....
#.##....# #..#.#
#.......#####.....
#####..........#.#


You could see an iguana.

Vanquished Creatures
  Sigmund (D:2)
  An adder (D:3)
  2 worms
  2 ball pythons
  7 endoplasms
  6 giant cockroaches
  9 goblins
  5 hobgoblins
  2 kobolds (D:1)
  4 quokkas
  3 bats
  A frilled lizard (D:1)
  2 rats
45 creatures vanquished.

Vanquished Creatures (others)
  7 plants (D:3)
7 creatures vanquished.

Grand Total: 52 creatures vanquished

Notes
Turn   | Place    | Note
-------+----------+-------------------------------------------
     0 | D:1      | arthad the Gnoll Wanderer began the quest for the Orb.
     0 | D:1      | arthad set off with the following items: a +0 dagger, 4
                  | throwing nets, a scroll of silence, a potion of attraction,
                  | a +0 leather armour; and the following spell memorised:
                  | Shock; and the following spells available to memorise:
                  | Mephitic Cloud.
     0 | D:1      | Reached XP level 1. HP: 13/13 MP: 4/4
   138 | D:1      | Reached XP level 2. HP: 11/19 MP: 5/5
   643 | D:1      | Found Mockuira's Assorted Antiques.
   657 | D:1      | Bought a scroll labelled TEQOSCH SOEM for 21 gold pieces
   872 | D:1      | Reached XP level 3. HP: 25/25 MP: 1/7
  1181 | D:1      | Found Kustoehu's Antique Armour Shoppe.
  1457 | D:2      | Reached skill level 1 in Invocations
  1687 | D:2      | Noticed Sigmund
  1709 | D:2      | Killed Sigmund
  1710 | D:2      | Reached skill level 1 in Fighting
  1710 | D:2      | Reached skill level 1 in Short Blades
  1710 | D:2      | Reached skill level 1 in Long Blades
  1710 | D:2      | Reached skill level 1 in Axes
  1710 | D:2      | Reached skill level 1 in Maces & Flails
  1710 | D:2      | Reached skill level 1 in Polearms
  1710 | D:2      | Reached skill level 1 in Staves
  1710 | D:2      | Reached skill level 1 in Ranged Weapons
  1710 | D:2      | Reached skill level 1 in Throwing
  1710 | D:2      | Reached skill level 1 in Armour
  1710 | D:2      | Reached skill level 1 in Shields
  1710 | D:2      | Reached skill level 1 in Unarmed Combat
  1710 | D:2      | Reached skill level 1 in Conjurations
  1710 | D:2      | Reached skill level 1 in Hexes
  1710 | D:2      | Reached skill level 1 in Summonings
  1710 | D:2      | Reached skill level 1 in Necromancy
  1710 | D:2      | Reached skill level 1 in Translocations
  1710 | D:2      | Reached skill level 1 in Transmutations
  1710 | D:2      | Reached skill level 1 in Fire Magic
  1710 | D:2      | Reached skill level 1 in Ice Magic
  1710 | D:2      | Reached skill level 1 in Earth Magic
  1710 | D:2      | Reached skill level 1 in Poison Magic
  1710 | D:2      | Reached XP level 4. HP: 33/33 MP: 2/8
  1710 | D:2      | Reached XP level 5. HP: 38/38 MP: 2/9
  2328 | D:3      | Found Tutt's General Store.
  2399 | D:3      | Found Omayte's Antique Armour Shoppe.
  2542 | D:3      | Reached XP level 6. HP: 44/44 MP: 6/11
  2729 | D:3      | Found Opuabraf's Magic Scroll Shop.
  2731 | D:3      | Found Fofampu's Antique Weapon Shop.
  3107 | D:4      | Noticed Ijyb
  3140 | D:3      | Slain by an iguana

Illustrated notes

Levels and vault maps discovered:
D:1:      psy_arrival_basics, layout_rooms, serial_rivers,
          chequers_serial_rivers_micro_a, chequers_serial_rivers_small_b,
          chequers_serial_rivers_small_b, chequers_serial_rivers_micro_b,
          chequers_serial_rivers_marsh, serial_shops,
          nicolae_shop_window_shopping, nicolae_shop_stone
D:2:      layout_rooms, uniq_sigmund
D:3:      layout_basic, serial_shops, shop, shop, shop,
          nicolae_shop_temple_entry_statues_fountains, chequers_big_river,
          st_stairs_2
D:4:      kennysheep_the_goblin_king, layout_cave_pools, temple_hall,
          uniq_grinder

Skill      XL: |  1  2  3  4  5 |
---------------+----------------+-----
Invocations    | 2 |  2.0
Fighting       | 1 |  1.8
Short Blades   | 1 |  1.8
Long Blades    | 1 |  1.8
Axes           | 1 |  1.8
Maces & Flails | 1 |  1.8
Polearms       | 1 |  1.8
Staves         | 1 |  1.8
Ranged Weapons | 1 |  1.8
Throwing       | 1 |  1.8
Armour         | 1 |  1.8
Shields        | 1 |  1.8
Unarmed Combat | 1 |  1.8
Spellcasting   | 3 |  3.3
Conjurations   | 1 |  1.4
Hexes          | 1 |  1.4
Summonings     | 1 |  1.4
Necromancy     | 1 |  1.4
Translocations | 1 |  1.4
Transmutations | 1 |  1.4
Fire Magic     | 1 |  1.4
Ice Magic      | 1 |  1.4
Earth Magic    | 1 |  1.4
Poison Magic   | 1 |  1.4
Evocations     | 3 |  3.1
Stealth        | 3 |  3.0
Dodging        | |  8.7
Air Magic      | |  5.6

Action                   |  1- 3 |  4- 6 || total
-------------------------+-------+-------++-------
Melee: Dagger            |    51 |    15 ||    66
       Bite              |     2 |     2 ||     4
       Unarmed           |       |    12 ||    12
Throw: Throwing net      |     1 |       ||     1
 Cast: Shock             |    76 |    29 ||   105
  Use: Potion            |     5 |       ||     5
       Scroll            |     2 |       ||     2
 Stab: Sleeping          |       |     2 ||     2
Armor: Leather armour    |     7 |     4 ||    11
       Skin              |     2 |       ||     2
Dodge: Dodged            |    50 |    18 ||    68

Table legend: (Time is in decaauts)
 A = Elapsed time spent in this place.
 B = Non-inter-level travel time spent in this place.
 C = Inter-level travel time spent in this place.
 D = Time resting spent in this place.
 E = Time spent auto-exploring this place.
 F = Levels seen in this place.
 G = Mean time per level.
                   A        B        C        D        E       F      G
               +--------+--------+--------+--------+--------+-----+--------+
         Total |   3148 |   3038 |    110 |    362 |   2255 |   4 |  787.0 |
       Dungeon |   3148 |   3038 |    110 |    362 |   2255 |   4 |  787.0 |
               +--------+--------+--------+--------+--------+-----+--------+

Top non-repeatable levels by time:
     D:1: 1369 daAuts
     D:3: 1025 daAuts
     D:2: 711 daAuts
     D:4: 42 daAuts
